 Dungeon Crawl Stone Soup version 0.21-a0-193-g085b6a0 (webtiles) character file.

2653 Ijustatesigmund the Cruncher (level 9, -7/74 HPs)
             Began as a Formicid Fighter on Aug 14, 2017.
             Mangled by a sixfirhy (10 damage)
             ... summoned by a deep elf mage
             ... on level 13 of the Dungeon.
             The game lasted 00:16:31 (4781 turns).

Ijustatesigmund the Cruncher (Formicid Fighter)     Turns: 4781, Time: 00:16:31

Health: -7/74      AC: 14    Str: 26    XL:     9   Next: 93%
Magic:  9/9        EV:  7    Int:  8    God:
Gold:   370        SH: 15    Dex: 11    Spells: 8/8 levels left

rFire    . . .     SeeInvis +   a - +1 quarterstaff (venom)
rCold    + . .     Gourm    .   c - +1 shield
rNeg     . . .     Faith    .   b - +0 chain mail
rPois    .         Spirit   .   (helmet unavailable)
rElec    .         Reflect  .   (no cloak)
rCorr    +         Harm     .   (no gloves)
MR       .....                  (no boots)
Stlth    ..........             (no amulet)
HPRegen  0.22/turn              t - ring of resist corrosion
MPRegen  0.11/turn              l - +5 ring of strength

@: no status effects
A: permanent stasis, dig shafts and tunnels, four strong arms, antennae 3,
hooves 1, icy blue scales 1, large bone plates 1, slimy green scales 1, clumsy
1, cold resistance 1, subdued magic 1
a: Dig, Shaft Self


You were on level 13 of the Dungeon.
You were hungry.

You visited 2 branches of the dungeon, and saw 11 of its levels.

You collected 370 gold pieces.

Inventory:

Hand Weapons
 a - a +1 quarterstaff of venom (weapon)
Missiles
 w - 2 javelins (quivered)
Armour
 b - a +0 chain mail (worn)
 c - a +1 shield (worn)
 v - a +2 buckler
Jewellery
 l - a +5 ring of strength (right hand)
 r - an uncursed ring of positive energy
 t - a ring of resist corrosion (left hand)
Wands
 n - a wand of random effects (28/48)
 o - a wand of acid (5/15)
Scrolls
 e - 6 scrolls of remove curse
 h - a scroll of enchant weapon
 m - a scroll of amnesia
 p - a scroll of brand weapon
 q - a scroll of fog
 x - a scroll of fear
 y - a scroll of identify
Potions
 g - a potion of resistance
 j - 6 potions of brilliance
 k - a potion of agility
 u - a potion of ambrosia
 z - 2 potions of curing
Books
 s - a book of Debilitation

   Spells                             Type                      Level
   a - Corona                         Hexes                        1
   b - Slow                           Hexes                        2
   c - Inner Flame                    Hexes/Fire                   3
   d - Portal Projectile              Hexes/Translocation          3
   e - Cause Fear                     Hexes                        4
   f - Leda's Liquefaction            Hexes/Earth                  4
Comestibles
 d - 4 fruits
 f - 5 bread rations
 i - 2 meat rations


   Skills:
 + Level 7.9 Fighting
 * Level 9.6 Staves
 + Level 6.6 Armour
 - Level 4.7 Shields


You had 8 spell levels left.
You didn't know any spells.

Dungeon Overview and Level Annotations

Branches:
Dungeon (8/15)             Temple (1/1) D:6
   Lair: D:8-11

Altars:
Ashenzari
Dithmenos
Fedhas
Gozag
Hepliaklqana
Kikubaaqudgha
Makhleb
Nemelex Xobeh
Okawaru
Qazlal
Ru
Sif Muna
Trog
Uskayaw
Vehumet
Wu Jian
Yredelemnul
Zin
The Shining One

Shops:
D:5 :


Innate Abilities, Weirdness & Mutations

You cannot be hasted, slowed, berserked, paralysed or teleported.
You can dig through walls and to a lower floor.
Your four strong arms can wield two-handed weapons with a shield.
You have a pair of large antennae on your head. (SInv)
You have large cloven feet.
You are partially covered in icy blue scales. (AC +2)
You are partially covered in large bone plates. (SH +4)
You are partially covered in slimy green scales. (AC +2)
You are clumsy. (Dex -2)
Your flesh is cold resistant. (rC+)
Your spells are a little easier to cast, but a little less powerful.


Message History

The deep elf mage casts a spell.
The sixfirhy hits you! The sixfirhy shocks you!
You sock the sixfirhy!
The sixfirhy is poisoned.
Your kick misses the sixfirhy.
The sixfirhy is moderately wounded.
You closely miss the sixfirhy.
The sixfirhy is moderately wounded.
You miss the sixfirhy.
The sixfirhy is lightly wounded.
You block the sixfirhy's attack. The sixfirhy hits you.
The sixfirhy shocks you!
* * * LOW HITPOINT WARNING * * *
The deep elf mage gestures wildly while chanting.
The deep elf mage blinks!
The sixfirhy hits you but does no damage.
Are you sure you want to shaft yourself?
You feel quite a bit more hungry. The sixfirhy barely misses you.
The sixfirhy hits you!
* * * LOW HITPOINT WARNING * * *
The sixfirhy shocks you!
You die...

## ##.......
###.........
##...#.......
##..# ...(>..
#...## ..[...l
#..##.##.......
#.# ##@#.......
... ##3ยง....e.
.### ##.......
. #.##### ..#
... ####


You could see a deep elf mage and a sixfirhy.

Vanquished Creatures
  Pikel (D:5)
  Sigmund (D:2)
  A basilisk (D:13)
  Edmund (D:5)
  A hornet zombie (D:8)
  A phantom (D:6)
  A sky beast (D:8)
  A slave (D:5)
  3 centaurs
  4 bullfrogs
  A water moccasin zombie (D:6)
  A scorpion (D:5)
  5 wights (D:7)
  2 crimson imps
  A howler monkey (D:6)
  4 orc priests
  A bullfrog skeleton (D:7)
  3 hounds
  A centaur skeleton (D:6)
  3 orc wizards
  An iguana (D:8)
  4 worker ants
  A hound skeleton (D:5)
  2 worker ant zombies
  4 adders
  2 worms
  2 leopard geckos
  15 orcs
  A ball python (D:3)
  5 bats
  3 giant cockroaches
  5 goblins
  4 hobgoblins
  12 jackals
  5 kobolds
  3 quokkas
  A frilled lizard (D:4)
  A leopard gecko skeleton (D:3)
  A quokka zombie (D:7)
  9 rats
118 creatures vanquished.

Notes
Turn   | Place    | Note
-------+----------+-------------------------------------------
     0 | D:1      | Ijustatesigmund the Formicid Fighter began the quest for the Orb.
     0 | D:1      | Reached XP level 1. HP: 18/18 MP: 1/1
   281 | D:1      | Reached XP level 2. HP: 24/24 MP: 2/2
   744 | D:2      | Found an ancient bone altar of Kikubaaqudgha.
   874 | D:2      | Reached XP level 3. HP: 25/29 MP: 3/3
  1058 | D:2      | Noticed Sigmund
  1059 | D:2      | Found an iron altar of Okawaru.
  1066 | D:2      | Killed Sigmund
  1066 | D:2      | Reached skill level 4 in Staves
  1066 | D:2      | Reached XP level 4. HP: 37/37 MP: 4/4
  1066 | D:2      | Reached XP level 5. HP: 42/42 MP: 5/5
  1554 | D:3      | Reached XP level 6. HP: 49/49 MP: 6/6
  1842 | D:3      | Found a burning altar of Makhleb.
  1864 | D:3      | Reached skill level 5 in Staves
  1972 | D:3      | Gained mutation: Scrolls take you a little longer to read. [potion of mutation]
  1972 | D:3      | Gained mutation: Your flesh is cold resistant. (rC+) [potion of mutation]
  1972 | D:3      | Gained mutation: Your flesh is very cold resistant. (rC++) [potion of mutation]
  1972 | D:3      | Gained mutation: You have a somewhat thin skeletal structure. (Dex +2, Stealth) [potion of mutation]
  1973 | D:3      | Lost mutation: Your flesh is very cold resistant. (rC++) [potion of mutation]
  1973 | D:3      | Gained mutation: You possess an exceptional clarity of mind. [potion of mutation]
  1973 | D:3      | Gained mutation: Scrolls take you longer to read. [potion of mutation]
  1973 | D:3      | Gained mutation: Your spells are a little easier to cast, but a little less powerful. [potion of mutation]
  1973 | D:3      | Gained mutation: You are partially covered in icy blue scales. (AC +2) [potion of mutation]
  1974 | D:3      | Lost mutation: You have a somewhat thin skeletal structure. (Dex +2, Stealth) [potion of mutation]
  1974 | D:3      | Lost mutation: Scrolls take you longer to read. [potion of mutation]
  1974 | D:3      | Lost mutation: Scrolls take you a little longer to read. [potion of mutation]
  1974 | D:3      | Lost mutation: You possess an exceptional clarity of mind. [potion of mutation]
  1974 | D:3      | Gained mutation: You have large cloven feet. [potion of mutation]
  1974 | D:3      | Gained mutation: You are partially covered in large bone plates. (SH +4) [potion of mutation]
  1974 | D:3      | Gained mutation: You are clumsy. (Dex -2) [potion of mutation]
  1974 | D:3      | Gained mutation: You are partially covered in slimy green scales. (AC +2) [potion of mutation]
  2605 | D:4      | Reached skill level 5 in Fighting
  2726 | D:4      | Reached XP level 7. HP: 56/56 MP: 7/7
  2731 | D:5      | Entered Level 5 of the Dungeon
  2731 | D:5      | Noticed Edmund
  2746 | D:5      | Killed Edmund
  2893 | D:5      | Reached skill level 6 in Staves
  2967 | D:5      | Found an opulent altar of Gozag.
  3034 | D:5      | Found Mugg's Book Shop.
  3049 | D:5      | Found a stormy altar of Qazlal.
  3305 | D:5      | Found a basalt altar of Yredelemnul.
  3314 | D:5      | Reached XP level 8. HP: 37/64 MP: 8/8
  3481 | D:5      | Noticed Pikel
  3497 | D:5      | Killed Pikel
  3497 | D:5      | Reached skill level 7 in Staves
  3717 | D:6      | Reached skill level 8 in Staves
  3717 | D:6      | Reached skill level 5 in Armour
  3733 | D:6      | Reached XP level 9. HP: 43/71 MP: 9/9
  3755 | D:6      | You fall through a shaft!
  4179 | D:6      | Reached skill level 9 in Staves
  4245 | D:6      | Found a staircase to the Ecumenical Temple.
  4254 | Temple   | Entered the Ecumenical Temple
  4499 | D:6      | You fall through a shaft for 2 floors!
  4586 | D:8      | Noticed a hellwing
  4594 | D:8      | You fall through a shaft for 3 floors!
  4594 | D:11     | Noticed a two-headed ogre
  4597 | D:11     | You fall through a shaft for 2 floors!
  4762 | D:13     | Noticed a deep elf mage
  4778 | D:13     | Noticed a sixfirhy
  4781 | D:13     | HP: 3/74 [sixfirhy[a deep elf mage] (10)]
  4781 | D:13     | Mangled by a sixfirhy

Vault maps used:
D:1:      matt_arrival_refuge
D:2:      kiku_gazebo_garden_becter, okawaru_gym_becter, uniq_sigmund
D:3:      makhleb_grotto_becter
D:4:      first_bread
D:5:      nicolae_qazlal_general_emergency, serial_shops, shop_statue,
          basic_altar, nicolae_gozag_cash_rules_everything_around_me,
          uniq_pikel, uniq_edmund
D:6:      lemuel_temple_firewalk_b, st_stairs_10, roderic_roman_lattice,
          uniq_grinder, uniq_menkaure
D:7:      minitemple, kennysheep_potato
D:8:      cheibrodos_grave_circle
D:11:     kennysheep_blocky_hall, grunt_lair_entry_orc_guard_hut
D:13:     erik_vaults_2, uniq_maurice
Temple:   eino_narrow_crystal_temple

Skill      XL: |  1  2  3  4  5  6  7  8  9 |
---------------+----------------------------+-----
Fighting       | 4 5 6 7 |  7.9
Staves         | 4 5 6 8 9 |  9.6
Shields        | 4 |  4.7
Armour         | 5 6 |  6.6

Action                   |  1- 3 |  4- 6 |  7- 9 || total
-------------------------+-------+-------+-------++-------
Melee: Quarterstaff      |    56 |   125 |   210 ||   391
       Kick              |       |    10 |    61 ||    71
 Abil: Dig               |     5 |     5 |     5 ||    15
       Shaft Self        |       |       |     4 ||     4
  Use: Scroll            |     5 |     5 |     8 ||    18
       Potion            |     1 |     4 |       ||     5
  Eat: Chunk             |       |     6 |     4 ||    10
       Bread ration      |       |       |     1 ||     1
Armor: Scale mail        |    39 |    39 |     1 ||    79
       Chain mail        |       |       |    57 ||    57
Dodge: Dodged            |    16 |    42 |    44 ||   102
Block: Shield            |    28 |    64 |   152 ||   244
